 Dungeon Crawl Stone Soup version 0.30.1-11-g7821555f0a (webtiles) character file.

Game seed: 15909768082083006657

326193 anacleto the Crack Shot (level 20, -19/94 (101) HPs)
             Began as a Spriggan Hunter on Dec 10, 2023.
             Was an Elder of Fedhas.
             Killed from afar by an acid blob (25 damage)
             ... with a splash of acid
             ... on level 5 of the Pits of Slime on Dec 11, 2023.
             The game lasted 06:34:24 (65236 turns).

anacleto the Crack Shot (Spriggan Hunter)          Turns: 65236, Time: 06:34:25

HP:   -19/94 (101)  AC: -6    Str:  7    XL:     20   Next: 75%
MP:   0/39          EV: 46    Int: 13    God:    Fedhas [****..]
Gold: 2805          SH:  5    Dex: 25    Spells: 16/37 levels left

rFire   . . .        a - +6 arbalest (flame)
rCold   . . .        (shield currently unavailable)
rNeg    . . .        i - +4 moon troll leather armour {Spirit, Regen++ MP+5}
rPois   .            u - +2 hat {Will+}
rElec   .            g - scarf {+Inv}
rCorr   .            (gloves unavailable)
SInv    +            (boots unavailable)
Will    +++++        Z - amulet of reflection
Stlth   +++++++++    r - +5 ring of evasion
HPRegen 1.95/turn    E - ring "Fuptuta" {+Blink Will+}
MPRegen 0.26/turn

%: reflection, guardian spirit
@: corroded, hasted, drained, invisible (expiring), unable to read, very quick
A: very small, no large weapons, unfitting armour, see invisible, speed 3, horns
1, mutation resistance 1, inability to read after injury 1
}: 2/15 runes: decaying, gossamer
a: Renounce Religion, Evoke Blink, Evoke Invisibility, Wall of Briars, Grow
Ballistomycete, Overgrow


You were on level 5 of the Pits of Slime.
You worshipped Fedhas.
Fedhas was greatly pleased with you.
You visited 9 branches of the dungeon, and saw 39 of its levels.
You also visited: Bailey, Gauntlet and Ice Cave.

You collected 5351 gold pieces.
You spent 2546 gold pieces at shops.

Inventory:

Hand Weapons
 a - a +6 arbalest of flaming (weapon)
 C - a +9 shortbow of flaming
Missiles
 P - 2 throwing nets
Armour
 b - a +0 hat of stealth
 g - a scarf of invisibility (worn)
 i - the +4 moon troll leather armour (worn) {Spirit, Regen++ MP+5}
   (You acquired it in a bailey)

   MP:        It affects your magic capacity (+5).
   Regen:     It increases your rate of health regeneration.
 u - a +2 hat of willpower (worn)
 R - a scarf of resistance
Jewellery
 r - a +5 ring of evasion (left hand)
 E - the ring "Fuptuta" (right hand) {+Blink Will+}
   (You found it on level 8 of the Dungeon)

   [ring of willpower]

   +Blink:    It lets you blink.
   Will:      It increases your willpower.
 K - a ring of resist corrosion
 M - a ring of flight
 W - an amulet of magic regeneration
 Y - a ring of magical power
 Z - an amulet of reflection (around neck)
Wands
 d - a wand of polymorph (2)
 f - a wand of charming (25)
 n - a wand of mindburst (22)
 o - a wand of roots (12)
 F - a wand of digging (15)
 G - a wand of flame (47)
 S - a wand of light (15)
Scrolls
 c - 4 scrolls of vulnerability
 l - 2 scrolls of magic mapping
 m - 6 scrolls of teleportation
 v - 2 scrolls of immolation
 w - 5 scrolls of enchant armour
 y - 8 scrolls of fog
 D - 7 scrolls of poison
 H - a scroll of silence
 L - 2 scrolls of butterflies
 O - a scroll of torment
 T - 20 scrolls of identify
Potions
 e - 2 potions of lignification
 h - 10 potions of attraction
 j - 4 potions of cancellation
 k - 4 potions of brilliance
 p - 12 potions of curing
 q - 2 potions of invisibility
 s - 4 potions of might
 t - 3 potions of magic
 x - 8 potions of mutation
 z - 12 potions of ambrosia
 A - 9 potions of flight
 V - 3 potions of heal wounds
 X - a potion of haste
Miscellaneous
 B - a box of beasts
 J - a lightning rod (4/4)
 Q - a phantom mirror


   Skills:
 + Level 9.4 Fighting
 - Level 23.9 Ranged Weapons
 * Level 22.9 Dodging
 + Level 22.6 Stealth
 - Level 9.4 Spellcasting
 - Level 7.7 Hexes
 - Level 2.6 Necromancy
 - Level 2.6 Earth Magic
 - Level 8.4 Invocations
 - Level 12.6 Evocations


You had 16 spell levels left.
You knew the following spells:

 Your Spells              Type           Power      Damage    Failure   Level
a - Anguish               Hex/Necr       9%         N/A       21%         4
b - Cause Fear            Hex            13%        N/A       8%          4
c - Leda's Liquefaction   Hex/Erth       9%         N/A       21%         4
d - Portal Projectile     Hex/Tloc       32%        N/A       11%         3
e - Tukima's Dance        Hex            26%        N/A       2%          3
f - Inner Flame           Hex/Fire       16%        N/A       11%         3

Your spell library contained the following spells:

 Spells                   Type           Power      Damage    Failure   Level
 Necrotise                Necr           52%        1d6       6%          1
 Apportation              Tloc           12%        N/A       19%         1
 Beastly Appendage        Tmut           12%        N/A       19%         1
 Magic Dart               Conj           24%        1d4       19%         1
 Sting                    Tmut/Pois      24%        1d4       19%         1
 Summon Small Mammal      Summ           24%        N/A       19%         1
 Call Imp                 Summ           12%        N/A       26%         2
 Scorch                   Fire           12%        2d6       26%         2
 Static Discharge         Conj/Air       12%        2-3/arc   26%         2
 Call Canine Familiar     Summ           6%         N/A       47%         3
 Frozen Ramparts          Ice            12%        1d2       47%         3
 Ignite Poison            Fire/Tmut/Pois 6%         N/A       47%         3
 Mephitic Cloud           Conj/Pois/Air  6%         N/A       47%         3
 Ozocubu's Armour         Ice            6%         N/A       47%         3
 Vhi's Electric Charge    Tloc/Air       12%        N/A       47%         3
 Metabolic Englaciation   Hex/Ice        8%         N/A       69%         5
 Agony                    Necr           13%        N/A       86%         5
 Borgnjor's Vile Clutch   Necr/Erth      6%         N/A       86%         5
 Airstrike                Air            3%         2d(1-17)  87%         4
 Flame Wave               Conj/Fire      6%         2d5       87%         4
 Ice Form                 Ice/Tmut       6%         N/A       87%         4
 Manifold Assault         Tloc           6%         N/A       87%         4
 Sticky Flame             Conj/Fire      6%         2d3       87%         4
 Summon Ice Beast         Ice/Summ       6%         N/A       87%         4
 Summon Lightning Spire   Summ/Air       6%         N/A       87%         4
 Alistair's Intoxication  Tmut/Pois      4%         N/A       99%         5
 Arcjolt                  Conj/Air       3%         1d13      99%         5
 Blade Hands              Tmut           3%         N/A       99%         5
 Enfeeble                 Hex            13%        N/A       99%         7
 Dispersal                Tloc           3%         N/A       100%        6
 Plasma Beam              Fire/Air       3%         2x1d14    100%        6
 Simulacrum               Ice/Necr       4%         N/A       100%        6
 Dragon Form              Tmut           3%         N/A       100%        7
 Ozocubu's Refrigeration  Ice            3%         4d8       100%        7
 Disjunction              Tloc           3%         N/A       100%        8
 Necromutation            Tmut/Necr      4%         N/A       100%        8
 Dragon's Call            Summ           3%         N/A       100%        9


Dungeon Overview and Level Annotations

Branches:
Dungeon (15/15)            Temple (0/1) D:6            Lair (5/5) D:11
  Swamp (4/4) Lair:2       Spider (4/4) Lair:2        Slime (5/5) Lair:4
    Orc (2/2) D:12            Elf (1/3) Orc:2        Vaults (2/5) D:13
 Depths (1/4) D:15         Bailey (visited)           IceCv (visited)
Gauntlet (visited)
  Crypt: Vaults:2-3

Altars:
Ashenzari
Cheibriados
Elyvilon
Fedhas
Kikubaaqudgha
Makhleb
Qazlal
Ru
Trog
Wu Jian
Yredelemnul
Zin
The Shining One
Jiyva

Shops:
D:8 [   D:12 ?   Orc:1 ?   Orc:2 (*(:[   Elf:1 ?   Depths:1 [

Annotations:
D:11 3 runed translucent doors, SirLogeyBear's ghost, journeyman HOBe
Slime:5 Royal Jelly
Elf:1 Zenata
Vaults:1 3 runed translucent doors, Sianeop's ghost, adept GrFi


Innate Abilities, Weirdness & Mutations

You are very small and have problems with some larger weapons.
You are too small for most types of armour.
You have supernaturally acute eyesight. (SInv)
You cover ground extremely quickly. (Speed+++)
You have a pair of small horns on your head.
You are somewhat resistant to further mutation.
You occasionally lose the ability to read scrolls when taking damage.


Message History

A rockslime comes into view.
You fade into invisibility!
An acid blob comes into view.
The acid blob quivers.
The acid blob completely misses you. The acid blob completely misses you.
The acid blob spits acid at you. The splash of acid hits you!!
The acid blob spits acid at you.
You block splash of acid... and reflect it back!
The splash of acid hits the acid blob.
The acid blob completely resists.
The acid blob spits acid at you. The splash of acid hits you!
The acid corrodes you!
The acid blob quivers.
The acid blob spits acid at you. The splash of acid hits you!
The acid corrodes you! The acid blob spits acid at you.
The splash of acid hits you!!
You feel threatened and lose the ability to read scrolls!
* * * LOW HITPOINT WARNING * * *
The acid corrodes you!
The acid blob quivers.
You cannot read scrolls in your current state!
You feel yourself speed up. The acid blob spits acid at you.
The splash of acid misses you. The acid blob spits acid at you.
The splash of acid misses you.
The acid blob quivers.
The acid blob spits acid at you. The splash of acid hits you!
* * * LOW HITPOINT WARNING * * *
You flicker for a moment.
The acid blob spits acid at you. The splash of acid hits you!!
* * * LOW HITPOINT WARNING * * *
The acid blob spits acid at you. The splash of acid hits you!!
You die...
Fedhas appreciates your contribution to the ecosystem.

##......JJ..........,***,,*
#........J..........,******
##....J.............,,,*,,,
##.................,*,,,*,
#...................******
##..................#**,,*
##.................#*,,,,
##................##,,,,
#......@...........##,,,
##..................##,,
*#...................#*,
#.#...................**
#...#.................,,
#.###.................,,
##* #.................,,
###...............,,
#...............,,


You could see 2 acid blobs.

Vanquished Creatures
  Nikola (Vaults:1)
  Gastronok (Lair:1)
  3 acid blobs
  Frances (Spider:1)
  Agnes (Elf:1)
  Kirke (Swamp:4)
  7 azure jellies
  5 rockslimes
  Donald (Elf:1)
  A deep elf sorcerer (Elf:1)
  4 ghost moths
  6 vault wardens
  3 orc warlords
  2 emperor scorpions
  7 quicksilver oozes
  A war gargoyle (Vaults:2)
  2 very ugly things (IceCv)
  A broodmother (Spider:3)
  3 hydra skeletons (Swamp:4)
  6 ironbound preservers
  3 ironbound thunderhulks
  6 eleionomae
  A vampire knight (Swamp:4)
  4 dire elephants (Vaults:1)
  A minotaur (Gauntlet)
  3 bunyips
  3 spark wasps
  5 yaktaur captains
  5 entropy weavers
  6 great orbs of eyes
  2 rakshasas (D:15)
  An ogre mage (D:13)
  12 hydras
  The ghost of Rem the Destroyer, a journeyman OpCj of Vehumet (Orc:2)
  A peacekeeper (Vaults:2)
  5 vault guards
  3 ironbound frosthearts (Vaults:2)
  A jorogumo (Spider:4)
  5 two-headed ogres
  2 ghost crabs (Swamp:2)
  3 catoblepae
  8 boulder beetles
  2 caustic shrike simulacra (IceCv)
  8 centaur warriors
  An anaconda (shapeshifter) (D:8)
  A dancing weapon (Elf:1)
  9 alligators
  7 death scarabs (Spider:4)
  5 radroaches
  11 death yaks
  A vampire mage (Swamp:4)
  Urug (Orc:2)
  2 orc high priests
  5 skeletal warriors
  A spectral emperor scorpion (Spider:4)
  3 skysharks
  2 goliath frogs
  5 pharaoh ants
  8 sun moths
  7 swamp dragons
  A spectral hydra (Swamp:4)
  17 deep trolls
  4 spriggan druids
  2 glowing orange brains
  A wizard (Vaults:1)
  11 orb spiders
  2 orange crystal statues (IceCv)
  6 bog bodies
  A spectral jorogumo (Spider:4)
  3 deep elf archers (Elf:1)
  2 phantasmal warriors (Swamp:4)
  7 deep elf pyromancers (Elf:1)
  7 ironbound convokers
  19 wolf spiders
  4 lindwurms
  6 deep elf zephyrmancers (Elf:1)
  A shining eye (shapeshifter) (D:15)
  10 ugly things
  9 orc knights
  7 orc sorcerers (Orc:2)
  13 steelbarb worms
  7 manticores
  3 shining eyes
  4 cyclopes
  2 will-o-the-wisps
  3 moths of wrath
  3 black mambas
  7 vault sentinels
  Joseph (D:7)
  10 elephants
  3 gargoyles
  2 eyes of devastation (Slime:2)
  10 demonic crawlers
  7 torpor snails
  9 cane toads
  4 freezing wraiths
  2 unseen horrors
  2 spectral redbacks (Spider:4)
  2 rime drakes (Lair:5)
  7 komodo dragons
  5 kobold demonologists
  A redback zombie (Spider:4)
  15 yaktaurs
  A komodo dragon (shapeshifter) (D:13)
  2 hydra zombies (Swamp:4)
  A tengu conjurer (D:8)
  An efreet (D:15)
  3 golden dragon simulacra (IceCv)
  3 anaconda simulacra (IceCv)
  A death drake zombie (Swamp:4)
  3 polar bears
  3 meliai (D:15)
  14 tyrant leeches
  2 bloated husks
  3 spectral jumping spiders (Spider:4)
  A troll (D:14)
  A spectral culicivora (Spider:4)
  2 spectral tarantellas (Spider:4)
  23 tarantellas
  13 hornets
  Prince Ribbit (D:7)
  A hornet (shapeshifter) (D:14)
  13 blink frogs
  A culicivora zombie (Spider:4)
  3 tarantella zombies (Spider:4)
  4 centaur simulacra (Gauntlet)
  22 jumping spiders
  64 slime creatures
  2 water elementals (Elf:1)
  Sigmund (D:3)
  18 culicivoras
  12 spriggans
  A shadow (D:12)
  2 dire elephant simulacra (IceCv)
  6 wraiths
  2 fire elementals (Elf:1)
  3 wyverns
  44 yaks
  6 basilisks
  2 hogs (Swamp:4)
  11 vampire mosquitoes
  38 redbacks
  2 harpy simulacra (IceCv)
  15 swamp worms
  2 wargs
  2 acid dragons
  13 water moccasins
  3 hydra simulacra
  2 floating eyes
  A floating eye (shapeshifter) (D:15)
  48 orc warriors
  A swamp drake (Swamp:4)
  A black bear (shapeshifter) (Elf:1)
  5 ice beasts
  2 black bears
  An ettin simulacrum (IceCv)
  An alligator simulacrum (IceCv)
  2 swamp dragon zombies (Swamp:4)
  15 centaurs
  15 ogres
  17 wolves
  5 boggarts (D:14)
  A phantom (D:5)
  A swamp dragon skeleton (Swamp:4)
  7 kobold brigands
  11 bullfrogs
  6 scorpions
  A cane toad simulacrum (Gauntlet)
  2 lindwurm simulacra (IceCv)
  6 spriggan skeletons
  3 howler monkeys
  17 killer bees
  A troll skeleton (D:11)
  4 jellies
  10 electric eels
  23 orc priests
  A gnoll bouda (D:5)
  2 hounds
  A sleepcap (D:5)
  Terence (D:2)
  5 iguanas
  39 orc wizards
  12 gnolls
  7 adders
  A shadow imp (D:7)
  A white imp (D:7)
  An ufetubus (D:5)
  2 worms
  4 dart slugs
  87 orcs
  8 endoplasms
  A giant cockroach (D:1)
  16 goblins
  12 hobgoblins
  4 jackals
  23 kobolds
  2 quokkas
  8 ball pythons
  4 bats
  3 frilled lizards
  4 rats
  2 ballistomycete spores
1290 creatures vanquished.

Vanquished Creatures (collateral kills)
  Dissolution (Slime:1)
  An azure jelly (Slime:1)
  An ironbound thunderhulk (Vaults:1)
  Josephine (Lair:5)
  2 entropy weavers
  A catoblepas (Lair:5)
  An alligator (Lair:3)
  A centaur warrior (D:14)
  5 death yaks
  A boulder beetle (Lair:5)
  A tengu warrior (D:14)
  A sun moth (Spider:2)
  A wolf spider (Spider:1)
  2 ugly things (D:14)
  A shining eye (Slime:5)
  A moth of wrath (Spider:4)
  2 elephants (Lair:5)
  A black mamba (Lair:5)
  A gargoyle (D:12)
  A cane toad (Lair:4)
  A meliai (shapeshifter) (D:15)
  A queen bee (Lair:2)
  A tarantella (Spider:2)
  A blink frog (Lair:5)
  2 hornets (Spider:1)
  3 culicivoras
  3 slime creatures (Slime:2)
  A jumping spider (Spider:1)
  A wraith (Lair:5)
  3 yaks
  A basilisk (D:14)
  A hog (Swamp:4)
  2 vampire mosquitoes
  5 redbacks
  3 water moccasins
  An orc warrior (Bailey)
  4 wolves
  4 centaurs
  10 killer bees
  A gnoll (Bailey)
  An orc (Orc:1)
  A hobgoblin (Bailey)
  55 ballistomycete spores
133 creatures vanquished.

Vanquished Creatures (others)
  2 thorn hunters (Swamp:4)
  A vampire knight (Swamp:4)
  A spark wasp (Spider:2)
  3 shambling mangroves (Swamp:4)
  3 hydras (Swamp:4)
  A spriggan (Swamp:4)
  2 spriggan druids (Swamp:4)
  An orb spider (Spider:2)
  2 spectral hydras (Swamp:4)
  A flayed ghost (Swamp:4)
  2 swamp dragons (Swamp:4)
  An oklob plant (Swamp:4)
  A freezing wraith (Swamp:4)
  7 hornets (Swamp:4)
  A hydra simulacrum (Swamp:4)
  4 swamp drakes (Swamp:4)
  A swamp dragon zombie (Swamp:4)
  4 ballistomycete spores
  4 foxfires
42 creatures vanquished.

Grand Total: 1465 creatures vanquished

Notes
Turn   | Place    | Note
-------+----------+-------------------------------------------
     0 | D:1      | anacleto the Spriggan Hunter began the quest for the Orb.
     0 | D:1      | Reached XP level 1. HP: 10/10 MP: 2/2
   243 | D:1      | Reached XP level 2. HP: 14/14 MP: 3/3
   871 | D:2      | Reached XP level 3. HP: 18/18 MP: 3/5
   992 | D:2      | Reached skill level 1 in Spellcasting
   992 | D:2      | Reached skill level 1 in Evocations
  1005 | D:2      | You fall into a shaft and drop 2 floors!
  1005 | D:4      | Found a glowing silver altar of Zin.
  1005 | D:4      | Found a glowing golden altar of the Shining One.
  1005 | D:4      | Found a white marble altar of Elyvilon.
  1062 | D:3      | Reached skill level 5 in Ranged Weapons
  1114 | D:3      | Reached XP level 4. HP: 22/22 MP: 5/7
  1221 | D:3      | Found a basalt altar of Yredelemnul.
  1231 | D:3      | Found a burning altar of Makhleb.
  1235 | D:3      | Found a bloodstained altar of Trog.
  1238 | D:3      | Found a sacrificial altar of Ru.
  1318 | D:3      | Noticed Terence
  1386 | D:2      | Identified the +5 short sword of the Sneaky Visionaries
                  | {venom, Dex+3}
  1461 | D:2      | Found an ornate altar of the Wu Jian Council.
  1838 | D:2      | Killed Terence
  1839 | D:2      | Reached XP level 5. HP: 25/25 MP: 9/9
  1881 | D:3      | Noticed Sigmund
  1946 | D:3      | Found a faded altar of an unknown god.
  2012 | D:3      | Found a snail-covered altar of Cheibriados.
  2165 | D:3      | Killed Sigmund
  2166 | D:3      | Reached skill level 6 in Ranged Weapons
  2166 | D:3      | Reached XP level 6. HP: 10/30 MP: 9/11
  3145 | D:4      | Reached XP level 7. HP: 33/33 MP: 12/14
  3153 | D:4      | Reached skill level 7 in Ranged Weapons
  3525 | D:4      | Reached skill level 5 in Evocations
  3626 | D:5      | Entered Level 5 of the Dungeon
  3994 | D:5      | Found a blossoming altar of Fedhas.
  4031 | D:5      | Reached skill level 5 in Spellcasting
  4031 | D:5      | Reached XP level 8. HP: 37/37 MP: 16/16
  4054 | D:5      | Became a worshipper of Fedhas Madash
  4094 | D:5      | Reached skill level 8 in Ranged Weapons
  4536 | D:5      | Reached skill level 9 in Ranged Weapons
  4819 | D:5      | Reached skill level 1 in Invocations
  5167 | D:6      | Reached * piety under Fedhas
  5192 | D:6      | Reached skill level 10 in Ranged Weapons
  5265 | D:6      | Found an ornate altar of the Wu Jian Council.
  5292 | D:6      | Reached XP level 9. HP: 41/41 MP: 17/17
  5682 | D:6      | Found a staircase to the Ecumenical Temple.
  6363 | D:7      | Noticed Joseph
  6501 | D:7      | Killed Joseph
  6750 | D:7      | Reached ** piety under Fedhas
  6868 | D:7      | Reached skill level 11 in Ranged Weapons
  7267 | D:7      | Noticed Prince Ribbit
  7295 | D:7      | Killed Prince Ribbit
  7736 | D:8      | Found an ancient bone altar of Kikubaaqudgha.
  7766 | D:8      | Found a transporter.
  7778 | D:8      | Noticed a manticore
  7859 | D:8      | Found Pek Cure's Armour Emporium.
  8003 | D:8      | Noticed a polar bear
  8004 | D:8      | Noticed a five-headed hydra
  8006 | D:8      | Identified the ring "Fuptuta" {+Blink Will+}
  8008 | D:8      | Found a transporter.
  8022 | D:8      | a polar bear changed into a tarantella
  8022 | D:8      | Noticed a tengu conjurer
  8037 | D:8      | Reached *** piety under Fedhas
  8040 | D:8      | a tarantella changed into a cyclops
  8040 | D:8      | Noticed a cyclops (shapeshifter)
  8046 | D:8      | a cyclops changed into a jumping spider
  8058 | D:8      | a jumping spider changed into an elephant
  8058 | D:8      | Noticed an elephant (shapeshifter)
  8082 | D:8      | Reached XP level 10. HP: 46/46 MP: 18/18
  8096 | D:8      | Noticed an eye of devastation
  8252 | D:8      | Reached skill level 12 in Ranged Weapons
  8608 | D:8      | Noticed a two-headed ogre
  9053 | D:8      | Noticed a boulder beetle
  9066 | D:9      | Found a stormy altar of Qazlal.
  9187 | D:9      | Noticed a rust devil
  9852 | D:10     | Entered Level 10 of the Dungeon
  9872 | D:10     | Reached skill level 10 in Evocations
  9930 | D:10     | Found a flagged portal.
  9939 | Bailey   | Entered a bailey
 10233 | Bailey   | Noticed an orc knight
 10238 | Bailey   | Reached **** piety under Fedhas
 10238 | Bailey   | Killed an orc knight
 10239 | Bailey   | Reached skill level 13 in Ranged Weapons
 10393 | Bailey   | Identified the +1 morningstar "Ydghavyt" {drain, rN++ Int-4
                  | Dex+4}
 10393 | Bailey   | Noticed an orc knight
 10396 | Bailey   | Noticed a smoke demon
 10589 | Bailey   | Reached skill level 5 in Dodging
 10719 | Bailey   | Acquired the +4 moon troll leather armour {Spirit, Regen++
                  | MP+5}
 10719 | Bailey   | Found the +4 moon troll leather armour {Spirit, Regen++
                  | MP+5}
 10882 | Bailey   | Found an iron altar of Okawaru.
 10884 | Bailey   | Noticed an orc high priest
 10906 | Bailey   | Killed an orc high priest
 11040 | Bailey   | Killed an orc knight
 11041 | Bailey   | Reached XP level 11. HP: 49/49 MP: 19/19
 11390 | D:10     | Reached skill level 14 in Ranged Weapons
 11615 | D:10     | Found a broken altar of Ashenzari.
 12428 | D:11     | Noticed a white ugly thing
 12434 | D:11     | Noticed a five-headed hydra
 12509 | D:10     | Gained mutation: You have a pair of small horns on your
                  | head. [potion of mutation]
 12509 | D:10     | Gained mutation: You are somewhat resistant to further
                  | mutation. [potion of mutation]
 12969 | D:11     | Found a staircase to the Lair.
 13061 | D:11     | Killed a five-headed hydra
 13334 | D:11     | Reached skill level 15 in Ranged Weapons
 13869 | D:11     | Killed a white ugly thing
 13927 | D:11     | Found a runed translucent gate.
 13945 | D:11     | Found a runed translucent gate.
 13945 | D:11     | Noticed a two-headed ogre
 13946 | D:11     | Found a runed translucent gate.
 13947 | D:11     | Noticed SirLogeyBear's ghost (journeyman HOBe)
 14473 | D:11     | Reached ***** piety under Fedhas
 14608 | D:12     | Found a staircase to the Orcish Mines.
 15060 | D:12     | Noticed a two-headed ogre
 15087 | D:12     | Killed a two-headed ogre
 15107 | D:12     | Found Fofi's Magic Scroll Boutique.
 15115 | D:12     | Bought a scroll of identify for 32 gold pieces
 15115 | D:12     | Bought a scroll of identify for 32 gold pieces
 15117 | D:12     | Bought a scroll of enchant weapon for 120 gold pieces
 15122 | D:12     | Bought a scroll of enchant weapon for 120 gold pieces
 15122 | D:12     | Bought a scroll of enchant weapon for 120 gold pieces
 15122 | D:12     | Bought a scroll of teleportation for 48 gold pieces
 15122 | D:12     | Bought a scroll of poison for 64 gold pieces
 15216 | D:12     | Reached XP level 12. HP: 53/53 MP: 20/20
 15242 | D:12     | Noticed a two-headed ogre
 15259 | D:12     | Killed a two-headed ogre
 15260 | D:12     | Reached skill level 5 in Stealth
 15638 | D:13     | Noticed a seven-headed hydra
 15638 | D:13     | Noticed a five-headed hydra
 15651 | D:13     | Killed a five-headed hydra
 15678 | D:12     | Killed a seven-headed hydra
 15823 | Orc:1    | Entered Level 1 of the Orcish Mines
 16076 | Orc:1    | Found Xoaqiklu's Magic Scroll Boutique.
 16090 | Orc:1    | Bought a scroll of butterflies for 52 gold pieces
 16090 | Orc:1    | Bought a scroll of identify for 26 gold pieces
 16090 | Orc:1    | Bought a scroll of identify for 26 gold pieces
 16090 | Orc:1    | Bought a scroll of enchant weapon for 97 gold pieces
 16090 | Orc:1    | Bought a scroll of butterflies for 52 gold pieces
 16090 | Orc:1    | Bought a scroll of blinking for 97 gold pieces
 16187 | Orc:1    | You fall into a shaft and drop 1 floor!
 16187 | Orc:2    | Entered Level 2 of the Orcish Mines
 16328 | Orc:1    | Noticed a boulder beetle
 16347 | Orc:1    | Killed a boulder beetle
 16348 | Orc:1    | Reached skill level 10 in Dodging
 16375 | Orc:1    | Reached skill level 16 in Ranged Weapons
 16746 | Orc:2    | Noticed an orc warlord
 16753 | Orc:2    | Noticed an orc warlord
 16847 | Orc:2    | Killed an orc warlord
 16873 | Orc:2    | Noticed Urug
 16896 | Orc:2    | Killed an orc warlord
 16928 | Orc:2    | Noticed an orc high priest
 16934 | Orc:2    | Killed an orc high priest
 16935 | Orc:2    | Reached XP level 13. HP: 57/57 MP: 21/21
 16953 | Orc:2    | Killed Urug
 16960 | Orc:2    | Reached skill level 5 in Invocations
 16992 | Orc:2    | Found Inoaj's Book Shop.
 17010 | Orc:2    | Found a staircase to the Elven Halls.
 17119 | Orc:2    | Found Impeawk's Antique Weapon Shop.
 17135 | Orc:2    | Found Sairch's General Store.
 17151 | Orc:2    | Found Amecu's Antique Armour Shop.
 17175 | Orc:2    | Bought a book of Hexes for 540 gold pieces
 17181 | Orc:2    | Learned a level 4 spell: Anguish
 17186 | Orc:2    | Learned a level 4 spell: Cause Fear
 17191 | Orc:2    | Learned a level 4 spell: Leda's Liquefaction
 17266 | Orc:2    | Found Gycunnuo's Firing Range.
 17289 | Orc:2    | Reached XP level 14. HP: 61/61 MP: 22/22
 17335 | Orc:2    | Found a runed translucent door.
 17348 | Orc:2    | Noticed Rem's ghost (journeyman OpCj)
 18003 | Lair:1   | Entered Level 1 of the Lair of Beasts
 18547 | Lair:1   | Reached skill level 1 in Hexes
 18575 | Lair:1   | Noticed Gastronok
 18583 | Lair:1   | Killed Gastronok
 18584 | Lair:1   | Reached skill level 1 in Necromancy
 18584 | Lair:1   | Reached skill level 1 in Earth Magic
 19190 | Lair:2   | Found a hole to the Spider Nest.
 19528 | Lair:2   | Found a staircase to the Swamp.
 19755 | Lair:2   | Reached skill level 15 in Stealth
 21412 | Lair:3   | Reached skill level 17 in Ranged Weapons
 21741 | Lair:4   | Reached XP level 15. HP: 65/65 MP: 25/25
 21760 | Lair:4   | Found a viscous altar of Jiyva.
 21763 | Lair:4   | Found a staircase to the Slime Pits.
 22017 | Lair:4   | Reached skill level 15 in Dodging
 22681 | Lair:5   | Entered Level 5 of the Lair of Beasts
 22784 | Lair:5   | Reached XP level 16. HP: 69/69 MP: 26/26
 22860 | Lair:5   | Found a gate leading to a gauntlet.
 22942 | Gauntlet | Entered a Gauntlet
 22942 | Gauntlet | Found a transporter.
 22942 | Gauntlet | Found a transporter.
 22942 | Gauntlet | Found a transporter.
 22970 | Gauntlet | Found a transporter.
 22971 | Gauntlet | Found a transporter.
 22974 | Gauntlet | Found the amulet of the Air {Inacc Air Fly rElec RMsl}
 22980 | Gauntlet | Found a transporter.
 22981 | Gauntlet | Found a transporter.
 22996 | Gauntlet | Found a transporter.
 22996 | Gauntlet | Found a transporter.
 23018 | Gauntlet | Found a transporter.
 23036 | Gauntlet | Found a transporter.
 23050 | Gauntlet | Found a transporter.
 23329 | Gauntlet | Identified the +8 trident "Zony" {heavy, rElec Str+4 Dex+2}
 23341 | Gauntlet | Identified the +4 war axe of Iwkuleh {freeze, MP+9}
 23341 | Gauntlet | Identified the staff of air "Icami" {rElec rF- Int+5 Dex+3
                  | Stlth+}
 23342 | Gauntlet | Got the Spellbook of the Ninety-Nine Tales
 23601 | Lair:5   | Learned a level 3 spell: Portal Projectile
 23605 | Lair:5   | Learned a level 3 spell: Tukima's Dance
 23905 | Lair:5   | Reached skill level 5 in Hexes
 24061 | Lair:5   | Noticed Josephine
 24085 | Lair:5   | Killed Josephine
 25083 | Lair:5   | Got Sif Muna's Precepts of Diablerie and Incineration
 25205 | Spider:1 | Entered Level 1 of the Spider Nest
 25286 | Spider:1 | Noticed Frances
 25306 | Spider:1 | Killed Frances
 26333 | Spider:1 | Reached skill level 18 in Ranged Weapons
 26597 | Spider:1 | Identified the +6 scale mail of Neberu Xypn {Str+3 Dex+2}
 27044 | Spider:2 | Reached XP level 17. HP: 72/72 MP: 30/30
 29219 | Elf:1    | Entered Level 1 of the Elven Halls
 29722 | Elf:1    | Found Doheer's Magic Scroll Emporium.
 29796 | Elf:1    | Noticed Zenata
 30162 | Elf:1    | Noticed Agnes
 30181 | Elf:1    | Killed Agnes
 30374 | Elf:1    | Noticed Donald
 30398 | Elf:1    | Killed Donald
 30972 | Slime:1  | Entered Level 1 of the Pits of Slime
 31031 | Swamp:1  | Entered Level 1 of the Swamp
 32510 | D:13     | Identified the +1 cloak of the Centipede {rPois rC- rCorr
                  | Str+5}
 32522 | D:13     | Found a gate to the Vaults.
 32766 | Orc:2    | Bought a manual of Ranged Weapons for 1120 gold pieces
 32851 | Elf:1    | Identified the +0 leather armour of Sisumn {rC++ Int+3
                  | Dex+3}
 34564 | Spider:1 | Reached skill level 19 in Ranged Weapons
 35698 | Spider:2 | Identified the +4 halberd "Fustopho" {heavy, rCorr Str+3
                  | Int-2}
 36266 | Orc:2    | Killed Rem's ghost
 36765 | Spider:3 | Reached skill level 20 in Ranged Weapons
 36987 | Spider:3 | Identified the +3 scale mail of Peek-a-Boo {+Inv Dex-2
                  | Stlth+}
 37816 | Spider:2 | Reached skill level 21 in Ranged Weapons
 37816 | Spider:2 | Reached XP level 18. HP: 76/77 MP: 32/32
 38806 | Spider:4 | Entered Level 4 of the Spider Nest
 39587 | Spider:4 | Reached skill level 22 in Ranged Weapons
 42388 | Spider:4 | Identified the +0 pair of boots of Death Resistance {rCorr
                  | Str-5 Int+2}
 42406 | Spider:4 | Got a gossamer rune of Zot
 43042 | D:14     | Reached skill level 23 in Ranged Weapons
 43606 | D:15     | Entered Level 15 of the Dungeon
 45041 | D:15     | Found a staircase to the Depths.
 45375 | Vaults:1 | Entered Level 1 of the Vaults
 45587 | Lair:2   | Reached skill level 5 in Fighting
 46781 | Depths:1 | Entered Level 1 of the Depths
 46787 | Depths:1 | Found Jofon's Antique Armour Emporium.
 47621 | Vaults:1 | Reached XP level 19. HP: 89/89 MP: 27/33
 47684 | Vaults:1 | Identified the +0 plate armour of Relativism {rC+ Slay+2}
 48169 | D:13     | HP: 1/89 [orc warlord/+3 heavy battleaxe (44)]
 50220 | Vaults:1 | Found a runed translucent gate.
 50221 | Vaults:1 | Found a runed translucent gate.
 50221 | Vaults:1 | Found a runed translucent gate.
 50226 | Vaults:1 | Noticed Sianeop's ghost (adept GrFi)
 50746 | Vaults:1 | Noticed Nikola
 50757 | Vaults:1 | Killed Nikola
 53987 | Swamp:4  | Entered Level 4 of the Swamp
 54003 | Swamp:4  | Learned a level 3 spell: Inner Flame
 54045 | Swamp:4  | Found a frozen archway.
 54055 | IceCv    | Entered an ice cave
 54488 | IceCv    | Identified the +5 ring mail "Utoomp" {Harm rElec Int+4
                  | Slay-3}
 54531 | Swamp:4  | Noticed Kirke
 54548 | Swamp:4  | Killed Kirke
 55857 | Swamp:4  | Found a blossoming altar of Fedhas.
 55893 | Swamp:4  | Found a basalt altar of Yredelemnul.
 55906 | Swamp:4  | Got a decaying rune of Zot
 56756 | D:8      | Reached XP level 20. HP: 59/98 MP: 23/34
 58367 | Slime:2  | Noticed Dissolution
 58400 | Slime:1  | Killed Dissolution
 58813 | Slime:2  | Paralysed by a floating eye for 2 turns
 59016 | Slime:2  | Paralysed by a floating eye for 2 turns
 60374 | Slime:4  | Gained mutation: You occasionally lose the ability to read
                  | scrolls when taking damage. [a shining eye]
 60522 | Slime:5  | Entered Level 5 of the Pits of Slime
 61227 | Slime:5  | Noticed the Royal Jelly
 65236 | Slime:5  | Killed from afar by an acid blob

Illustrated notes

Levels and vault maps discovered:
D:1:      beargit_arrival_diablo_church, layout_basic, dreamdust_wishing_well
D:2:      minmay_chambers_of_ones, layout_basic, basic_altar
D:3:      layout_rooms, mainiacjoe_overflow_catwalk,
          grunt_temple_overflow_cloverleaf, hellmonk_ecumenical_altar_zigzags,
          serial_corexii_hall, chequers_hall_statues_y,
          chequers_hall_statues_wall_a, uniq_sigmund, uniq_terence
D:4:      minmay_diamond_boxcup, layout_basic, good_gods_temple_1,
          chequers_garden
D:5:      layout_rooms, mainiacjoe_overflow_cross_hatched
D:6:      layout_basic, mainiacjoe_overflow_tiny_flanked,
          minmay_temple_entry_drinking_statues
D:7:      layout_loops_ring, uniq_joseph, uniq_prince_ribbit1
D:8:      gammafunk_sealed_arena, layout_basic, kennysheep_little_box,
          serial_shops, shop
D:9:      layout_irregular_city, nicolae_qazlal_scattered_showers,
          nicolae_straight_to_the_point
D:10:     layout_cave_pools, ashenzari_conservatory_becter, enter_bailey_5,
          serial_bayou_lake_a
D:11:     layout_basic, erik_lair_dragon, special_room [special_room_orc],
          gammafunk_ghost_split, hangedman_tell_no_tales
D:12:     layout_gridville, orc_0_dummy, serial_shops,
          nicolae_shop_hallway_stairs
D:13:     layout_cave_pools, hangedman_vaults_entry_quadrant_bands,
          serial_bayou_ford_a, grunt_ogre_cave
D:14:     layout_roguey, minivault_27, chequers_serial_rivers_small_3,
          skrybe_limestone_x, drop_trap
D:15:     gammafunk_enter_depths_forms, layout_loops_corners,
          minmay_misc_feat_room
Lair:1:   layout_regular_city, grunt_megastairs_2, uniq_gastronok
Lair:2:   layout_roguey, skrybe_swamp_entry_bodies, dummy_spider_entry,
          special_room [special_room_bee], minivault_23,
          infiniplex_staircase_pool, grunt_megastairs_5, serial_bayou_shore_b
Lair:3:   onia_ninara_swampy_vault, layout_chaotic_city, grunt_megastairs_4
Lair:4:   layout_cave_pods, nicolae_slime_entry_slimehenge
Lair:5:   evilmike_catoblepas_cave, layout_gridlike, gauntlet_entry_generic,
          st_stairs_7, uniq_josephine
Swamp:1:  nicolae_swamp_ascending_descending, layout_basic_swamp,
          evilmike_swamp_ruin_wall, swamp_pool2
Swamp:2:  layout_basic_swamp, evilmike_swamp_ruin_rubble_2, swamp_pool1
Swamp:3:  layout_basic_swamp, nicolae_swamp_well_well_well
Swamp:4:  byrel_swamp_growth_death_and_undeath, layout_basic_swamp,
          portal_ice_cave_entry_pillars_2, swamp_pool4,
          cheibrodos_swamp_pet_leeches, uniq_kirke
Spider:1: layout_spider_delve, hangedman_spider_trapstep, uniq_frances
Spider:2: cheibrodos_forgotten_conduit, nicolae_spider_solar_radiation
Spider:3: layout_spider_delve
Spider:4: floodkiller_spider_rune_tomb, nicolae_spider_claw_tunnel
Slime:1:  layout_caves
Slime:2:  nicolae_slime_pool, layout_caves, uniq_dissolution
Slime:3:  layout_caves
Slime:4:  layout_caves, cheibrodos_slime_lost_civilization_4
Slime:5
Orc:1:    layout_diamond_mine, serial_shops, nicolae_shop_tiny_glass,
          basic_altar, nicolae_orc_pool_cavern, rock_pile
Orc:2:    grunt_orc_cross, layout_caves, ebering_ghost_inner_flame,
          nicolae_shop_firing_range
Elf:1:    layout_onion_city, serial_shops, nicolae_shop_tiny_statue_garden,
          minmay_elf_sorcery, uniq_donald, uniq_agnes, uniq_zenata
Vaults:1: ebering_ghost_rock_garden, nicolae_vaults_stairing_the_circle,
          nicolae_vaults_storage_closets_2, v_misc_17, v_misc_9, v_misc_5,
          nicolae_vaults_trapezoid_lopsided_4, vaults_dpeg_encased_lava,
          v_alt_pattern_3, nicolae_vaults_weapon_check,
          nicolae_vaults_tetromino_Z_1, layout_vaults_big_room, uniq_nikola
Vaults:2: ontoclasm_vaults_gateway, v_misc_31, nicolae_vaults_tetromino_Z_2,
          nicolae_vaults_apartment_2, vaults_mumra_minichess_inversion,
          layout_vaults_omnigrid
Depths:1: layout_cross, hangedman_abyss_entry_splay,
          chequers_serial_rivers_micro_b, serial_shops, shop, serial_sigils,
          serial_sigils_hangedman_scratch, serial_sigils_hangedman_clutch,
          serial_sigils_hangedman_quiver, serial_sigils_hangedman_leer,
          serial_sigils_hangedman_snap, hell_entry, pan_entry,
          serial_sigils_hangedman_writhe, lemuel_angel_altar

Skill      XL: |  1  2  3  4  5  6  7  8  9 10 11 12 13 14 15 16 17 18 19 20 |
---------------+-------------------------------------------------------------+-----
Spellcasting   | 1 2 3 4 5 6 8 9 |  9.4
Evocations     | 1 2 3 4 5 6 8 10 11 12 | 12.6
Ranged Weapons | 5 6 7 10 11 13 15 16 17 18 21 23 | 23.9
Invocations    | 2 3 4 5 6 7 8 |  8.4
Dodging        | 6 9 11 14 15 16 18 20 22 | 22.9
Stealth        | 4 9 14 15 18 19 21 22 | 22.6
Hexes          | 3 6 7 |  7.7
Necromancy     | 2 |  2.6
Earth Magic    | 2 |  2.6
Fighting       | 5 8 9 |  9.4

Action                     |  1- 3 |  4- 6 |  7- 9 | 10-12 | 13-15 | 16-18 | 19-21 || total
---------------------------+-------+-------+-------+-------+-------+-------+-------++-------
  Melee: Shortbow          |       |     2 |       |       |       |       |       ||     2
   Fire: Shortbow          |    84 |   149 |   568 |   871 |   605 |  2894 |   101 ||  5272
         Arbalest          |       |       |       |       |       |       |  1267 ||  1267
   Cast: Portal Projectile |       |       |       |       |       |     4 |     4 ||     8
         Tukima's Dance    |       |       |       |       |       |     1 |     2 ||     3
         Inner Flame       |       |       |       |       |       |       |     3 ||     3
 Invoke: Wall of Briars    |       |       |       |    16 |    19 |   118 |    37 ||   190
         Grow Ballistomyce |       |       |       |     4 |     1 |    14 |     3 ||    22
         Overgrow          |       |       |       |       |       |     1 |     1 ||     2
         Grow Oklob        |       |       |       |       |       |       |     1 ||     1
Ability: Evoke Blink       |       |       |       |     2 |     1 |     5 |     5 ||    13
         Evoke Invisibilit |       |       |       |     2 |       |     3 |     5 ||    10
  Evoke: Wand              |       |       |       |     4 |    23 |    36 |       ||    63
         Phantom mirror    |       |       |       |       |       |     3 |     1 ||     4
    Use: Scroll            |       |     4 |    11 |    20 |    11 |    26 |    16 ||    88
         Potion            |       |       |     1 |     3 |     3 |     6 |     7 ||    20
 Armour: Robe              |     5 |       |     8 |     6 |       |       |       ||    19
         Troll leather arm |       |       |       |    10 |    13 |    67 |    39 ||   129
         Skin              |       |       |       |       |       |       |    52 ||    52
  Dodge: Dodged            |    15 |    36 |    67 |   141 |    78 |  1174 |   720 ||  2231
  Block: Other             |       |       |       |       |       |    73 |   127 ||   200
         Reflection        |       |       |       |       |       |     3 |    16 ||    19
